PA
CHICAGO TULA @ MANCELONA TORCH
08/11/2024
 
TOP OF THE 1ST
Chicago Tula batting - Pitching for Mancelona Torch : RHP Cheh Hao
Pitching: RHP Cheh Hao
Batting: LHB Gerald Kaufman 0-0: Fly out, F6 (Line Drive, 6)
Batting: RHB Jorge Alfiche 0-0: Ball
1-0: Ball
2-0: Ball
3-0: Base on Balls
Batting: RHB Lee Lockheart 0-0: Ball
Jorge Alfiche is caught stealing 2nd base
1-0: Called Strike
1-1: Foul Ball, location: 2F
1-2: Ground out 4-3 (Groundball, 4M)
Top of the 1st over - 0 run(s), 0 hit(s), 0 error(s), 0 left on base; Chicago 0 - Mancelona 0
BOTTOM OF THE 1ST
Mancelona Torch batting - Pitching for Chicago Tula : RHP Jim Unknown
Pitching: RHP Jim Unknown
Batting: LHB Jim Unknown 0-0: Ball
1-0: Foul Ball, location: 2F
1-1: SINGLE (Line Drive, 4M)
Batting: RHB Ricardo Cardenas 0-0: Ball
1-0: Ball
2-0: Called Strike
2-1: Fly out, F7 (Flyball, 7M)
Batting: RHB Bert Cook 0-0: Called Strike
0-1: Called Strike
0-2: Ball
1-2: Ground out 5-3 (Groundball, 56S)
Jim Unknown to second
Batting: LHB Iemitsu Hatsutori 0-0: Called Strike
0-1: Ball
1-1: Foul Ball, location: 2F
1-2: Ball
2-2: Foul Ball, location: 2F
2-2: Ground out 5-3 (Groundball, 5S)
Bottom of the 1st over - 0 run(s), 1 hit(s), 0 error(s), 1 left on base; Chicago 0 - Mancelona 0
TOP OF THE 2ND
Chicago Tula batting - Pitching for Mancelona Torch : RHP Cheh Hao
Batting: RHB Júlio Rodríguez 0-0: Swinging Strike
0-1: Ball
1-1: Ground out U3 (Groundball, 3S)
Batting: LHB Colt Gridley 0-0: SINGLE (Groundball, 34D) (infield hit)
Batting: RHB Jouo Hirschovits 0-0: Fly out, F4 (Popup, 4M)
Batting: RHB Christian Hoover 0-0: Called Strike
0-1: Ball
1-1: Ball
2-1: Foul Ball, location: 2F
2-2: Ball
3-2: Strikes out looking
Top of the 2nd over - 0 run(s), 1 hit(s), 0 error(s), 1 left on base; Chicago 0 - Mancelona 0
BOTTOM OF THE 2ND
Mancelona Torch batting - Pitching for Chicago Tula : RHP Jim Unknown
Batting: RHB Ron Thomas 0-0: Ball
1-0: Ground out 6-3 (Groundball, 6)
Batting: RHB Mesa Altuve 0-0: Foul Ball, location: 2F
0-1: Ball
1-1: Foul Ball, location: 2F
1-2: Foul Ball, location: 2F
1-2: Ground out 6-3 (Groundball, 6)
Batting: RHB Juan Hernández 0-0: Fly out, F6 (Line Drive, 6)
Bottom of the 2nd over - 0 run(s), 0 hit(s), 0 error(s), 0 left on base; Chicago 0 - Mancelona 0
TOP OF THE 3RD
Chicago Tula batting - Pitching for Mancelona Torch : RHP Cheh Hao
Batting: RHB Dave Yates 0-0: Called Strike
0-1: SINGLE (Line Drive, 5D)
Batting: RHB Vincent Vega 0-0: Called Strike
0-1: Ball
1-1: Swinging Strike
1-2: Ball
2-2: Ball
3-2: SINGLE (Groundball, 4MD)
Dave Yates to second
Batting: LHB Gerald Kaufman 0-0: SINGLE (Groundball, 4S) (infield hit)
Dave Yates to third
Vincent Vega to second
Batting: RHB Jorge Alfiche 0-0: Ball
1-0: SINGLE (Line Drive, 7S)
Dave Yates scores
Vincent Vega to third
Gerald Kaufman to second
Batting: RHB Lee Lockheart 0-0: Called Strike
0-1: Ball
1-1: Ball
2-1: Ball
3-1: Base on Balls
Vincent Vega scores
Gerald Kaufman to third
Jorge Alfiche to second
Batting: RHB Júlio Rodríguez 0-0: Ball
1-0: Ball
2-0: Foul Ball, location: 2F
2-1: Ball
3-1: Fly out, F8 (Flyball, 8LM)
Runner from 3rd tags up, SCORES, no throw
Batting: LHB Colt Gridley 0-0: Foul Ball, location: 2F
0-1: SINGLE (Line Drive, 7S)
Jorge Alfiche to third
Lee Lockheart to second
Batting: RHB Jouo Hirschovits 0-0: Ball
1-0: Ball
2-0: Called Strike
2-1: Called Strike
2-2: Ball
3-2: Foul Ball, location: 2F
3-2: Strikes out looking
Batting: RHB Christian Hoover 0-0: Fly out, F5 (Popup, 5SF)
Top of the 3rd over - 3 run(s), 5 hit(s), 0 error(s), 3 left on base; Chicago 3 - Mancelona 0
BOTTOM OF THE 3RD
Mancelona Torch batting - Pitching for Chicago Tula : RHP Jim Unknown
Batting: RHB Vojtech Farkas 0-0: Ball
1-0: Called Strike
1-1: Swinging Strike
1-2: Ball
2-2: Fly out, F9 (Flyball, 9LS)
Batting: LHB José Hernández 0-0: Foul Ball, location: 2F
0-1: Ball
1-1: Fly out, F6 (Popup, 56)
Batting: LHB Jim Unknown 0-0: Ball
1-0: Ball
2-0: Ball
3-0: Called Strike
3-1: Called Strike
3-2: Foul Ball, location: 2F
3-2: SINGLE (Line Drive, 3D)
Batting: RHB Ricardo Cardenas 0-0: Fly out, F2 (Popup, 2LF)
Bottom of the 3rd over - 0 run(s), 1 hit(s), 0 error(s), 1 left on base; Chicago 3 - Mancelona 0
TOP OF THE 4TH
Chicago Tula batting - Pitching for Mancelona Torch : RHP Cheh Hao
Batting: RHB Dave Yates 0-0: Ball
1-0: Ground out 6-3 (Groundball, 6)
Batting: RHB Vincent Vega 0-0: Ball
1-0: Ground out 6-3 (Groundball, 56)
Batting: LHB Gerald Kaufman 0-0: Foul Ball, location: 2F
0-1: Ground out 1-3 (Groundball, 15S)
Top of the 4th over - 0 run(s), 0 hit(s), 0 error(s), 0 left on base; Chicago 3 - Mancelona 0
BOTTOM OF THE 4TH
Mancelona Torch batting - Pitching for Chicago Tula : RHP Jim Unknown
Batting: RHB Bert Cook 0-0: Foul Ball, location: 2F
0-1: Swinging Strike
0-2: Ball
1-2: Foul Ball, location: 2F
1-2: Fly out, F5 (Popup, 5SF)
Batting: LHB Iemitsu Hatsutori 0-0: Called Strike
0-1: Ball
1-1: Ball
2-1: Ball
3-1: Reached on error, E4 (Groundball, 4)
Batting: RHB Ron Thomas 0-0: Ground out 5-3 (Groundball, 5S)
Iemitsu Hatsutori to second
Batting: RHB Mesa Altuve 0-0: Called Strike
0-1: Ball
1-1: Fly out, F7 (Flyball, 7D)
Bottom of the 4th over - 0 run(s), 0 hit(s), 1 error(s), 1 left on base; Chicago 3 - Mancelona 0
TOP OF THE 5TH
Chicago Tula batting - Pitching for Mancelona Torch : RHP Cheh Hao
Batting: RHB Jorge Alfiche 0-0: SINGLE (Line Drive, 89S)
Batting: RHB Lee Lockheart 0-0: Ball
1-0: Ball
Jorge Alfiche steals 2nd base
2-0: Ball
3-0: Called Strike
3-1: SINGLE (Groundball, 34)
Jorge Alfiche to third
Batting: RHB Júlio Rodríguez 0-0: Called Strike
0-1: DOUBLE (Flyball, 9LM)
Jorge Alfiche scores
Lee Lockheart to third
Batting: LHB Colt Gridley 0-0: Foul Ball, location: 2F
0-1: Swinging Strike
0-2: Ball
1-2: Ball
2-2: Strikes out swinging
Batting: RHB Jouo Hirschovits 0-0: Ball
1-0: Foul Ball, location: 2F
1-1: DOUBLE (Line Drive, 7LD)
Lee Lockheart scores
Júlio Rodríguez scores
Pitching: RHP Mark Chajón
Batting: RHB Christian Hoover 0-0: Called Strike
0-1: Ball
1-1: Swinging Strike
1-2: Ball
2-2: Foul Ball, location: 2F
2-2: Ball
3-2: Base on Balls
Batting: RHB Dave Yates 0-0: Called Strike
Jouo Hirschovits steals 3rd base
Christian Hoover to second
0-1: Foul Ball, location: 2F
0-2: Ball
1-2: Foul Ball, location: 2F
1-2: Ball
2-2: Foul Ball, location: 2F
2-2: Ball
3-2: Fly out, F7 (Line Drive, 7S)
Batting: RHB Vincent Vega 0-0: Ground out 3-1 (Groundball, 34)
Top of the 5th over - 3 run(s), 4 hit(s), 0 error(s), 2 left on base; Chicago 6 - Mancelona 0
BOTTOM OF THE 5TH
Mancelona Torch batting - Pitching for Chicago Tula : RHP Jim Unknown
Batting: RHB Juan Hernández 0-0: SINGLE (Groundball, 6)
Batting: RHB Vojtech Farkas 0-0: Ball
Wild Pitch!
Juan Hernández to second
1-0: DOUBLE (Line Drive, 5L)
Juan Hernández scores
Batting: LHB José Hernández 0-0: Ball
1-0: Ground out 6-3 (Groundball, 6)
Vojtech Farkas to third
Batting: LHB Jim Unknown 0-0: Ball
1-0: Foul Ball, location: 2F
1-1: SINGLE (Line Drive, 9S)
Vojtech Farkas scores
Batting: RHB Ricardo Cardenas 0-0: Called Strike
Jim Unknown is caught stealing 2nd base
0-1: Foul Ball, location: 2F
0-2: Ball
1-2: Ball
2-2: Reached on error, E6 (Groundball, 6)
Batting: RHB Bert Cook 0-0: Called Strike
0-1: Ball
1-1: Fly out, F9 (Popup, 9S)
Bottom of the 5th over - 2 run(s), 3 hit(s), 1 error(s), 1 left on base; Chicago 6 - Mancelona 2
TOP OF THE 6TH
Chicago Tula batting - Pitching for Mancelona Torch : RHP Mark Chajón
Batting: LHB Gerald Kaufman 0-0: Ball
1-0: Called Strike
1-1: Swinging Strike
1-2: Strikes out swinging
Batting: RHB Jorge Alfiche 0-0: Called Strike
0-1: Swinging Strike
0-2: Ball
1-2: SINGLE (Groundball, 56)
Batting: RHB Lee Lockheart 0-0: Ball
1-0: SINGLE (Groundball, 4MD)
Jorge Alfiche to second
Runner from 2nd tries for 3rd, SAFE, no throw or cutoff
Batting: RHB Júlio Rodríguez 0-0: Ball
1-0: Ball
2-0: Grounds into double play, 4-6-3 (Groundball, 4)
Top of the 6th over - 0 run(s), 2 hit(s), 0 error(s), 1 left on base; Chicago 6 - Mancelona 2
BOTTOM OF THE 6TH
Mancelona Torch batting - Pitching for Chicago Tula : RHP Jim Unknown
Batting: LHB Iemitsu Hatsutori 0-0: Ball
1-0: Fly out, F6 (Popup, 6M)
Batting: RHB Ron Thomas 0-0: Ball
1-0: Called Strike
1-1: Foul Ball, location: 2F
1-2: SINGLE (Line Drive, 6MD)
Batting: RHB Mesa Altuve 0-0: Swinging Strike
0-1: Ball
1-1: Swinging Strike
1-2: DOUBLE (Groundball, 5L)
Ron Thomas to third
Batting: RHB Juan Hernández 0-0: Ball
1-0: Called Strike
1-1: Ball
2-1: Fly out, F5 (Popup, 5F)
Batting: RHB Vojtech Farkas 0-0: 3-RUN HOME RUN (Flyball, 7D), Distance : 385 ft
Batting: LHB José Hernández 0-0: Swinging Strike
0-1: Ball
1-1: Foul Ball, location: 2F
1-2: Ball
2-2: Fly out, F7 (Flyball, 78M)
Bottom of the 6th over - 3 run(s), 3 hit(s), 0 error(s), 0 left on base; Chicago 6 - Mancelona 5
TOP OF THE 7TH
Chicago Tula batting - Pitching for Mancelona Torch : RHP Mark Chajón
Batting: LHB Colt Gridley 0-0: Called Strike
0-1: Called Strike
0-2: Ground out 4-3 (Groundball, 4M)
Batting: RHB Jouo Hirschovits 0-0: Called Strike
0-1: DOUBLE (Line Drive, 8RM)
Batting: RHB Christian Hoover 0-0: Intentional Walk
Pinch Hitting: SHB Alfredo González 0-0: Called Strike
0-1: Ball
1-1: Swinging Strike
1-2: Strikes out looking
Batting: RHB Vincent Vega 0-0: Called Strike
0-1: Swinging Strike
0-2: Strikes out swinging
Top of the 7th over - 0 run(s), 1 hit(s), 0 error(s), 2 left on base; Chicago 6 - Mancelona 5
BOTTOM OF THE 7TH
Mancelona Torch batting - Pitching for Chicago Tula : RHP Jim Unknown
Now at 3B: Coen Adriani
Batting: LHB Jim Unknown 0-0: Foul Ball, location: 2F
0-1: Ball
1-1: Ball
2-1: Ground out 5-3 (Groundball, 5S)
Batting: RHB Ricardo Cardenas 0-0: Called Strike
0-1: Ball
1-1: Swinging Strike
1-2: Foul Ball, location: 2F
1-2: DOUBLE (Line Drive, 78XD)
Batting: RHB Bert Cook 0-0: Ball
1-0: Called Strike
1-1: Called Strike
1-2: Foul Ball, location: 2F
1-2: Ball
2-2: Ball
3-2: Fly out, F8 (Flyball, 89D)
Runner from 2nd tags up, SAFE at 3rd, no throw
Pitching: LHP Rubén Campo
Batting: LHB Iemitsu Hatsutori 0-0: Fly out, F8 (Flyball, 8LM)
Bottom of the 7th over - 0 run(s), 1 hit(s), 0 error(s), 1 left on base; Chicago 6 - Mancelona 5
TOP OF THE 8TH
Chicago Tula batting - Pitching for Mancelona Torch : RHP Mark Chajón
Batting: LHB Gerald Kaufman 0-0: Swinging Strike
0-1: Swinging Strike
0-2: Ball
1-2: Foul Ball, location: 2F
1-2: DOUBLE (Line Drive, 8LM)
Batting: RHB Jorge Alfiche 0-0: Fly out, F9 (Flyball, 89M)
Batting: RHB Lee Lockheart 0-0: Intentional Walk
Batting: RHB Júlio Rodríguez 0-0: Fly out, F7 (Flyball, 7LM)
Batting: LHB Colt Gridley 0-0: SINGLE (Groundball, 4MD)
Gerald Kaufman to third
Lee Lockheart to second
Runner from 3rd tries for Home, SAFE, no throw or cutoff
Pinch Hitting: RHB Mark Compton 0-0: Called Strike
0-1: Ball
Wild Pitch!
Lee Lockheart to third
Colt Gridley to second
1-1: Fly out, F8 (Flyball, 8LM)
Top of the 8th over - 1 run(s), 2 hit(s), 0 error(s), 2 left on base; Chicago 7 - Mancelona 5
BOTTOM OF THE 8TH
Mancelona Torch batting - Pitching for Chicago Tula : LHP Rubén Campo
Now in LF: César Gonzáles
Batting: RHB Ron Thomas 0-0: Swinging Strike
0-1: Foul Ball, location: 2F
0-2: Ball
1-2: Ball
2-2: DOUBLE (Flyball, 89M)
Pitching: RHP Jesús Colón
Batting: RHB Mesa Altuve 0-0: Called Strike
0-1: Ball
1-1: Ball
2-1: Foul Ball, location: 2F
2-2: Foul Ball, location: 2F
2-2: Ball
3-2: Foul Ball, location: 2F
3-2: Strikes out looking
Batting: RHB Juan Hernández 0-0: Ball
1-0: Ball
2-0: Called Strike
2-1: Ball
3-1: Called Strike
3-2: Base on Balls
Pinch Hitting: LHB Jorge Morín 0-0: Foul Ball, location: 2F
0-1: Foul Ball, location: 2F
0-2: Fly out, F7 (Line Drive, 78S)
Batting: LHB José Hernández 0-0: Ball
1-0: Ball
2-0: SINGLE (Line Drive, 78S)
Ron Thomas to third
Juan Hernández to second
Runner from 3rd tries for Home, SAFE, no throw or cutoff
Batting: LHB Jim Unknown 0-0: Ball
1-0: Called Strike
1-1: Called Strike
1-2: Ball
2-2: Ground out 1-3 (Groundball, 15)
Bottom of the 8th over - 1 run(s), 2 hit(s), 0 error(s), 2 left on base; Chicago 7 - Mancelona 6
TOP OF THE 9TH
Chicago Tula batting - Pitching for Mancelona Torch : RHP Mark Chajón
Now at 2B: José Córdova
Batting: RHB Christian Hoover 0-0: Called Strike
0-1: Ball
1-1: Ground out 6-3 (Groundball, 6)
Batting: SHB Coen Adriani 0-0: Ball
1-0: SINGLE (Line Drive, 4M)
Batting: RHB Vincent Vega 0-0: Called Strike
0-1: Swinging Strike
0-2: Hit by Pitch
Coen Adriani to second
Batting: LHB Gerald Kaufman 0-0: Ball
1-0: Ball
2-0: SINGLE (Line Drive, 6D)
Coen Adriani to third
Vincent Vega to second
Batting: RHB Jorge Alfiche 0-0: Ball
1-0: Ball
2-0: Called Strike
2-1: Called Strike
2-2: Ball
Wild Pitch!
Coen Adriani scores
Vincent Vega to third
Gerald Kaufman to second
3-2: Foul Ball, location: 2F
3-2: Foul Ball, location: 2F
3-2: Foul Ball, location: 2F
3-2: Base on Balls
Batting: RHB Lee Lockheart 0-0: Called Strike
0-1: Ball
1-1: Ball
2-1: SINGLE (Line Drive, 9S)
Vincent Vega scores
Gerald Kaufman to third
Jorge Alfiche to second
Runner from 3rd tries for Home, SAFE, no throw or cutoff
Pitching: RHP Earl Simmons
Batting: RHB Júlio Rodríguez 0-0: Ball
1-0: Fly out, F8 (Flyball, 8RM)
Batting: LHB Colt Gridley 0-0: Called Strike
0-1: Called Strike
0-2: Foul Ball, location: 2F
0-2: Strikes out swinging
Top of the 9th over - 3 run(s), 3 hit(s), 0 error(s), 2 left on base; Chicago 10 - Mancelona 6
BOTTOM OF THE 9TH
Mancelona Torch batting - Pitching for Chicago Tula : RHP Jesús Colón
Batting: RHB Ricardo Cardenas 0-0: Called Strike
0-1: Called Strike
0-2: Ball
1-2: Ball
2-2: Ball
3-2: Foul Ball, location: 2F
3-2: Foul Ball, location: 2F
3-2: Strikes out swinging
Batting: RHB Bert Cook 0-0: Ball
1-0: Ball
2-0: Ball
3-0: Base on Balls
Batting: LHB Iemitsu Hatsutori 0-0: Ball
1-0: Foul Ball, location: 2F
1-1: Ball
2-1: Fly out, F8 (Flyball, 8RM)
Pitching: RHP Eddie Schmitt
Batting: RHB Ron Thomas 0-0: Ball
1-0: Called Strike
1-1: Foul Ball, location: 2F
1-2: Foul Ball, location: 2F
1-2: Strikes out swinging
Bottom of the 9th over - 0 run(s), 0 hit(s), 0 error(s), 1 left on base; Chicago 10 - Mancelona 6
This league is powered by Out of the Park Baseball, the baseball management simulation game for PC, Mac and Linux
Monday, October 3rd, 2016 - OOTP Baseball 16.9 Build 39